[Event "*** Titled Tuesday Blitz"]
[Site "Chess.com"]
[Date "2021.03.30"]
[Round "3"]
[White "Trickov"]
[Black "FeketeBarika"]
[Result "0-1"]
[WhiteElo "2408"]
[BlackElo "2268"]
[TimeControl "180+1"]
[EndTime "10:28:16 PDT"]
[Termination "FeketeBarika won by resignation"]

1. d4 Nf6 2. Nf3 e6 3. g3 c5 4. Bg2 cxd4 5. O-O Nc6 6. Nxd4 Qb6 7. Nb3 d5 8. Nc3 Be7 9. e4 dxe4 10. Nxe4 Nxe4 11.
Bxe4 O-O 12. Be3 Qc7 13. Qh5 g6 14. Qe2 f5 15. Bg2 e5 16. Bh6 Rd8 17. Rad1 Be6 18. c3 Bf7 19. h4 Bf8 20. Bxf8 Kxf8 21. Qb5 Kg7 22. Nc5 e4 23. Qxb7 Qxb7 24. Nxb7 Rxd1 25. Rxd1 Bxa2 26. Rd7+ Kh6 27. Rc7 Ne5 28. Nd6 a5 29. Bf1 a4 30. Rb7 Rd8 31. Rb6 Bb3 32. Nxf5+ Kh5 33.
Be2+ Nf3+ 34. Bxf3+ exf3 35. Nd4 Bd5 36. Rb5 Kg4 37. Rb4 Kh3 38. Kf1 a3 39. bxa3 Rc8 40.
Rb5 Bc4+ 41. Ke1 Bxb5 42. Nxb5 Rc5 43. a4 Rc4 44. Nd4 Rxc3 45. a5 Kg2 46. Kd2 Ra3 47.
Ke1 Ra1+ 48. Kd2 Kxf2 0-1

[Event "*** Titled Tuesday Blitz"]
[Site "Chess.com"]
[Date "2021.03.30"]
[Round "3"]
[White "poneis_malditos"]
[Black "zurzan"]
[Result "1-0"]
[WhiteElo "2299"]
[BlackElo "1951"]
[TimeControl "180+1"]
[EndTime "10:28:16 PDT"]
[Termination "poneis_malditos won by resignation"]

1. e4 Nf6 2. d3 e5 3. f4 d6 4. Nf3 Nc6 5. g3 Bg4 6. Nbd2 h5 7. h3 Bxf3 8. Nxf3 Be7 9. Bg2 Qd7 10. O-O O-O-O 11.
c4 Nd4 12. Be3 Nxf3+ 13. Qxf3 a6 14. a4 h4 15. g4 Rdf8 16. b4 Nh7 17. a5 exf4 18.
Bxf4 Bg5 19. Rfb1 Bxf4 20. Qxf4 g6 21. b5 axb5 22. Rxb5 f5 23. exf5 c6 24. Rb6 gxf5 25. a6 fxg4 26. a7 Kc7 27. Qd4 gxh3 28. Qb2 Qc8 29. a8=Q Qxa8 30. Rxa8 Rb8 31. Rxb8 Rxb8 32. Bxc6 Nf6 33. Rxb7+ Rxb7 34. Qxb7+ Kd8 35. Qf7 h2+ 36. Kxh2 d5 37. Qxf6+ Kc7 38. Bxd5 h3 39. Qc6+ Kd8 40. Qb7 Ke8 41. Be6 1-0

[Event "*** Titled Tuesday Blitz"]
[Site "Chess.com"]
[Date "2021.03.30"]
[Round "3"]
[White "Jospem"]
[Black "Slovak_fighter2000"]
[Result "1-0"]
[WhiteElo "2950"]
[BlackElo "2481"]
[TimeControl "180+1"]
[EndTime "10:28:17 PDT"]
[Termination "Jospem won by resignation"]

1. e4 e6 2. d4 d5 3. Bd3 dxe4 4.
Bxe4 Nf6 5. Bf3 c5 6. Ne2 Nc6 7. Be3 e5 8. Bxc6+ bxc6 9. dxe5 Qxd1+ 10. Kxd1 Ng4 11. Nd2 Nxe5 12. h3 Be7 13. Ng3 O-O 14.
Re1 Be6 15. Nge4 c4 16. Bd4 Nd7 17. Ke2 c5 18. Bc3 Nb6 19. Kf1 Rab8 20. b3 Rfd8 21. Nf3 Nd5 22. Ba5 Nb6 23. Neg5 Bxg5 24. Nxg5 Bf5 25.
Ne4 Bxe4 26. Rxe4 cxb3 27. cxb3 Rd4 28. Rxd4 cxd4 29. Ke2 Nd5 30. Kd3 Nf4+ 31. Kxd4 Nxg2 32. Bc7 Rc8 33. Bg3 f5 34. Rg1 f4 35. Rxg2 fxg3 36.
fxg3 Kf7 37. b4 Ke6 38. a4 Rc1 39. Rb2 Kd6 40. Rf2 Rd1+ 41. Kc4 Rg1 42. g4 Rc1+ 43. Kb5 Rc7 44. Rd2+ Ke5 45. Ka6 Kf4 46. b5 Rc3 47. Kxa7 Rxh3 48. b6 Ra3 49. Rd4+ 1-0

[Event "*** Titled Tuesday Blitz"]
[Site "Chess.com"]
[Date "2021.03.30"]
[Round "3"]
[White "StockholmMissile"]
[Black "sbouchet"]
[Result "0-1"]
[WhiteElo "2555"]
[BlackElo "2403"]
[TimeControl "180+1"]
[EndTime "10:28:17 PDT"]
[Termination "sbouchet won by resignation"]

1. Nf3 c5 2. c4 Nc6 3. Nc3 g6 4.
g3 Bg7 5. Bg2 e5 6. O-O Nge7 7. a3 a5 8. d3 O-O 9. Ne1 d6 10. Nc2 f5 11. Rb1 Be6 12. b4 axb4 13.
axb4 Qd7 14. bxc5 dxc5 15. Be3 e4 16. Nb5 Nd4 17. Nbxd4 cxd4 18. Bf4 Nc6 19. dxe4 Bxc4 20. exf5 Qxf5 21. Rxb7 Bd5 22. Bxd5+ Qxd5 23. Nb4 Nxb4 24. Rxb4 Rad8 25. Qb3 Rfe8 26. Re1 Qxb3 27. Rxb3 d3 28. e3 d2 29. Rd1 Rd5 30. f3 g5 31. e4 gxf4 32. gxf4 Rd7 33. Kf2 Bh6 34. f5 Bf4 35. Ke2 Rc8 36. h3 Rc1 37. Rb6 Rxd1 38. Kxd1 Rc7 39.
Rb8+ Kf7 40. Rd8 Rc1+ 41. Ke2 Re1+ 42. Kf2 d1=Q 0-1

[Event "*** Titled Tuesday Blitz"]
[Site "Chess.com"]
[Date "2021.03.30"]
[Round "3"]
[White "ErikRonka"]
[Black "Gudmundur_Kjartansson"]
[Result "1-0"]
[WhiteElo "2398"]
[BlackElo "2541"]
[TimeControl "180+1"]
[EndTime "10:28:17 PDT"]
[Termination "ErikRonka won on time"]

1. e4 c5 2. Nf3 e6 3. d4 cxd4 4. Nxd4 Nc6 5. Nc3 Qc7 6. Be3 a6 7. Bd3 Nf6 8. O-O Nxd4 9. Bxd4 Bc5 10. Be2 b5 11. e5 Ng8 12. Bf3 Rb8 13. Ne4 Be7 14.
Nd6+ Kf8 15. a4 b4 16. a5 Bxd6 17. exd6 Qd8 18. Bb6 Qg5 19. Qd4 Nf6 20. Qc4 Ne8 21. Qxb4 h5 22. c4 h4 23. h3 Rh6 24. c5 Kg8 25. c6 dxc6 26. Rfd1 Bd7 27. Rac1 Rg6 28. Qc4 Kh8 29. Be3 Qd8 30. Bxc6 Bxc6 31. Qxc6 Qxa5 32. d7 Nf6 33. Qc8+ Qd8 34. Qxb8 Qxb8 35. Rc8+ 1-0

[Event "*** Titled Tuesday Blitz"]
[Site "Chess.com"]
[Date "2021.03.30"]
[Round "3"]
[White "moro182"]
[Black "Duhless"]
[Result "1/2-1/2"]
[WhiteElo "2732"]
[BlackElo "3046"]
[TimeControl "180+1"]
[EndTime "10:28:18 PDT"]
[Termination "Game drawn by repetition"]

1. d4 Nf6 2. c4 c5 3. Nf3 cxd4 4. Nxd4 Nc6 5. Nc3 e6 6. a3 d5 7. cxd5 exd5 8. Bg5 Bc5 9. e3 O-O 10. Be2 Nxd4 11.
exd4 Be7 12. O-O Be6 13. Qb3 Ne4 14. Bxe7 Qxe7 15. Nxe4 dxe4 16. d5 Bf5 17. Rfd1 Rfd8 18. Rac1 h6 19. Bf1 Rd6 20. Rd4 Rad8 21. g3 h5 22. Bg2 h4 23. Re1 Qe5 24. Qe3 h3 25. Bxe4 Bxe4 26. Qxe4 Qxe4 27. Rexe4 Rxd5 28. Rxd5 Rxd5 29. Kf1 Rd2 30. b4 Ra2 31. Re8+ Kh7 32. Re7 Kg6 33. Rxb7 Rxa3 34. Ke2 f5 35. b5 Kf6 36. b6 Ra2+ 37. Kf3 Ra3+ 38. Ke2 axb6 39. Rxb6+ Kg5 40. Rb7 g6 41. Rh7 Ra2+ 42. Kf3 Ra3+ 43. Ke2 Ra2+ 44. Kf3 Ra3+ 45. Ke2 1/2-1/2

[Event "*** Titled Tuesday Blitz"]
[Site "Chess.com"]
[Date "2021.03.30"]
[Round "3"]
[White "Fighter008"]
[Black "Grandmaster1369"]
[Result "1/2-1/2"]
[WhiteElo "2599"]
[BlackElo "2421"]
[TimeControl "180+1"]
[EndTime "10:28:18 PDT"]
[Termination "Game drawn by stalemate"]

1. e4 c5 2. Nf3 e6 3. d4 cxd4 4. Nxd4 a6 5. Nc3 b5 6. Be2 Bb7 7. O-O b4 8. Na4 Bxe4 9. Bf3 Nf6 10. Bxe4 Nxe4 11. Re1 d5 12. Nxe6 fxe6 13. Qh5+ g6 14.
Qe5 Qf6 15. Rxe4 Qxe5 16. Rxe5 Kf7 17. Bg5 Nd7 18. Re3 Bg7 19. Rae1 Rhe8 20. Rf3+ Kg8 21.
Bd2 a5 22. Rfe3 e5 23. Rd3 d4 24. f3 Rac8 25. c3 bxc3 26. bxc3 Rc4 27. Nb2 Rcc8 28. cxd4 exd4 29. Rxe8+ Rxe8 30. Bxa5 Nc5 31. Rd1 Re2 32. Nd3 Rxa2 33. Nxc5 Rxa5 34. Nd3 Ra2 35. Nb4 Rb2 36. Nc6 Rb6 37. Ne7+ Kf7 38. Nd5 Rb5 39. Nf4 Rb3 40. Nd3 Rc3 41. Kf2 Rc2+ 42.
Kg3 Ke6 43. f4 Rc3 44. Kf3 Kd5 45. Ke2 Kc4 46. Rc1 Bf6 47. g4 Kd5 48. f5 gxf5 49. gxf5 Ke4 50. Nc5+ Kxf5 51. Rf1+ Kg6 52. Rxf6+ Kxf6 53.
Ne4+ Ke5 54. Nxc3 dxc3 55. Kd3 Kf4 56. Kxc3 Ke3 57. h4 h5 58. Kc2 Ke2 59. Kc3 Kf3 60. Kd2 Kg3 61. Ke1 Kxh4 62. Kf1 Kg3 63. Kg1 h4 64. Kh1 h3 65. Kg1 h2+ 66. Kh1 Kh3 1/2-1/2

[Event "*** Titled Tuesday Blitz"]
[Site "Chess.com"]
[Date "2021.03.30"]
[Round "3"]
[White "svilson23"]
[Black "Mops_2004"]
[Result "0-1"]
[WhiteElo "2267"]
[BlackElo "2512"]
[TimeControl "180+1"]
[EndTime "10:28:18 PDT"]
[Termination "Mops_2004 won on time"]

1. e4 d6 2. d4 Nf6 3. Nc3 g6 4. f4 Bg7 5. Nf3 c5 6. d5 O-O 7. h3 e6 8. dxe6 Bxe6 9. Be3 Re8 10. Bb5 Bd7 11. Bxd7 Nbxd7 12. Qd3 Nxe4 13. Nxe4 Qe7 14. Nfd2 f5 15. Qd5+ Kh8 16. Qxd6 Qxd6 17. Nxd6 Rxe3+ 18.
Kf2 Re6 19. Nf7+ Kg8 20. Ng5 Re7 21. Rhe1 Rxe1 22. Rxe1 Bf6 23. Nc4 h6 24. Ne6 Re8 25.
c3 Re7 26. Nc7 Rxe1 27. Kxe1 b6 28. Kd2 Kf7 29. Nd5 Bg7 0-1

[Event "*** Titled Tuesday Blitz"]
[Site "Chess.com"]
[Date "2021.03.30"]
[Round "3"]
[White "Balla_Tamas"]
[Black "skeyman"]
[Result "1-0"]
[WhiteElo "2507"]
[BlackElo "2242"]
[TimeControl "180+1"]
[EndTime "10:28:18 PDT"]
[Termination "Balla_Tamas won by checkmate"]

1. e4 c5 2. Nf3 e6 3. d4 cxd4 4. Nxd4 a6 5. c4 Qc7 6. Nc3 Nf6 7. a3 Nc6 8. Be3 h5 9. f3 Ne5 10. Rc1 Ng6 11. Qd2 d6 12. Be2 Bd7 13. b4 Rc8 14. O-O Be7 15. Kh1 h4 16. f4 Qb8 17. Bd3 h3 18. g3 Qa8 19. Kg1 O-O 20. Qe2 Rfd8 21. g4 e5 22. Nf5 Bxf5 23. gxf5 Nxf4 24. Bxf4 exf4 25. Rxf4 b5 26. Rc2 bxc4 27. Bxc4 Nd7 28. Nd5 Bg5 29. Rg4 Bf6 30. Qf3 Kf8 31. Qxh3 Kg8 32.
Qh5 Rxc4 33. Rxc4 Qa7+ 34. Kf1 Be5 35. f6 g6 36. Qh6 Nxf6 37. Nxf6+ Bxf6 38. h4 a5 39. h5 axb4 40. hxg6 Qa6 41. Qh7+ Kf8 42. Qxf7# 1-0

[Event "*** Titled Tuesday Blitz"]
[Site "Chess.com"]
[Date "2021.03.30"]
[Round "3"]
[White "Grieve72"]
[Black "SaraciNderim"]
[Result "0-1"]
[WhiteElo "2473"]
[BlackElo "2805"]
[TimeControl "180+1"]
[EndTime "10:28:19 PDT"]
[Termination "SaraciNderim won by resignation"]

1. d4 Nf6 2. Bg5 c5 3. Nc3 cxd4 4. Qxd4 Nc6 5. Qh4 e6 6. e4 Be7 7. O-O-O O-O 8. f4 d6 9. e5 Nd5 10. Nxd5 exd5 11. Rxd5 Bxg5 12. Qxg5 Qxg5 13. fxg5 dxe5 14. Nf3 Be6 15. Rd1 Rad8 16. Bb5 f6 17. gxf6 gxf6 18. b3 Kf7 19. c3 Ke7 20. Kb2 a6 21. Be2 e4 22.
Nd4 Nxd4 23. Rxd4 f5 24. Rhd1 Rxd4 25. cxd4 Bd5 26. Bc4 Kd6 27. Kc3 f4 28. Rf1 e3 29.
Bxd5 Kxd5 30. Kd3 Re8 31. Re1 Re4 32. Ke2 Rxd4 33. Kf3 Rd2 34. Kxf4 Rxg2 35. Rxe3 Rxh2 36. a4 Kc5 37. Kg5 Kb4 38. Kf6 Rb2 39. Re7 b5 40. axb5 axb5 41. Rxh7 Rxb3 42. Ke5 Rd3 43.
Rh4+ Kb3 44. Ke4 Rd8 45. Ke3 b4 46. Rh7 Kc2 47. Rc7+ Kb2 48. Rb7 b3 49. Ke2 Kc2 50. Rc7+ Kb1 51. Rb7 b2 52. Rb5 Ra8 53. Kd2 Ka2 54.
Kc2 Rc8+ 55. Kd2 b1=Q 56. Ra5+ Kb2 57. Rb5+ Ka1 58. Ra5+ Qa2+ 59. Rxa2+ Kxa2 0-1

[Event "*** Titled Tuesday Blitz"]
[Site "Chess.com"]
[Date "2021.03.30"]
[Round "3"]
[White "mishanick"]
[Black "jacky72"]
[Result "0-1"]
[WhiteElo "2965"]
[BlackElo "2711"]
[TimeControl "180+1"]
[EndTime "10:28:20 PDT"]
[Termination "jacky72 won by resignation"]

1. e4 e5 2. Nf3 Nc6 3. Bb5 a6 4. Ba4 d6 5. O-O Bd7 6. d4 b5 7.
Bb3 Nxd4 8. Nxd4 exd4 9. c3 d3 10. Qxd3 Nf6 11. f4 c5 12. Bc2 c4 13. Qf3 Bc6 14. Nd2 Be7 15. Qh3 Qb6+ 16. Kh1 h5 17. a4 Ng4 18. Qf3 Ne3 19. Nxc4 Nxc4 20. b3 Na5 21.
axb5 axb5 22. Be3 Qc7 23. Bd4 f6 24. Qg3 Kf8 25. e5 h4 26. Qh3 Qb7 27. Rae1 Bd7 28. Bf5 Bxf5 29. Qxf5 h3 30. Re2 Qd5 31. Qg4 Nxb3 32.
exf6 Bxf6 33. Bxf6 gxf6 34. Qg6 Qf7 35. Qf5 Rh5 36. Qg4 Qd5 37. f5 hxg2+ 38. Rxg2 Rg5 39. Qh3 Qxg2+ 40. Qxg2 Rxg2 41. Kxg2 Ra2+ 42. Kg3 Rc2 43.
Rf3 Nd2 44. Rd3 Rxc3 0-1

[Event "*** Titled Tuesday Blitz"]
[Site "Chess.com"]
[Date "2021.03.30"]
[Round "3"]
[White "lucachess49"]
[Black "HanSchut"]
[Result "1-0"]
[WhiteElo "2434"]
[BlackElo "2236"]
[TimeControl "180+1"]
[EndTime "10:28:20 PDT"]
[Termination "lucachess49 won on time"]

1. d4 Nf6 2. c4 g6 3. f3 Nc6 4. d5 Ne5 5. e4 d6 6. Nc3 Bg7 7. f4 Ned7 8. Nh3 O-O 9. Be2 Nc5 10. Nf2 e6 11. O-O exd5 12. cxd5 Re8 13. Bf3 h5 14. Re1 b6 15. Qc2 Ba6 16. b4 Nfxe4 17.
Bxe4 Bd3 18. Nxd3 Nxe4 19. Rxe4 Rxe4 20. Nxe4 Bxa1 21. Bb2 Bxb2 22. Qxb2 Qh4 23. Nf6+ Kf8 24. Nh7+ Ke7 25. g3 Qh3 26. Qf6+ Kd7 27. Qxf7+ Kc8 28.
Nf6 Kb7 29. Nf2 Qc8 30. Qe6 Qh8 31. N2e4 1-0

[Event "*** Titled Tuesday Blitz"]
[Site "Chess.com"]
[Date "2021.03.30"]
[Round "3"]
[White "AEMEffi"]
[Black "Skat2704"]
[Result "0-1"]
[WhiteElo "2263"]
[BlackElo "2631"]
[TimeControl "180+1"]
[EndTime "10:28:20 PDT"]
[Termination "Skat2704 won by resignation"]

1. d4 d5 2. c4 c6 3. Nc3 Nf6 4.
e3 e6 5. Nf3 Be7 6. Qc2 O-O 7.
Be2 b6 8. O-O Bb7 9. b3 Nbd7 10. Rd1 Rc8 11. Bb2 c5 12. Rac1 a6 13.
cxd5 exd5 14. dxc5 Nxc5 15. Qf5 Nce4 16. Nxe4 Nxe4 17. Qg4 Bf6 18. Nd4 Qe7 19. Bd3 Rfe8 20. h3 g6 21. Nf5 Qe6 22. Bxe4 dxe4 23. Nh6+ Kg7 24. Rxc8 Bxc8 25. Qxe6 Bxe6 26. Bxf6+ Kxf6 27. Ng4+ Ke7 28. Ne5 Rc8 29. Rd2 f6 30. Ng4 h5 31.
Nh2 Rc1+ 32. Nf1 Bd7 33. a4 b5 34. Rd4 f5 35. a5 b4 36. Rc4 Rb1 37. Rxb4 Bb5 38.
Rxb5 axb5 39. g3 Rxb3 40. Kg2 Ra3 41. g4 Rxa5 42. gxh5 gxh5 43. Ng3 b4 0-1

[Event "*** Titled Tuesday Blitz"]
[Site "Chess.com"]
[Date "2021.03.30"]
[Round "3"]
[White "IMTominho"]
[Black "Danny_Billiards"]
[Result "0-1"]
[WhiteElo "2841"]
[BlackElo "2570"]
[TimeControl "180+1"]
[EndTime "10:28:21 PDT"]
[Termination "Danny_Billiards won by resignation"]

1. d4 d5 2. c4 dxc4 3. e3 Nf6 4.
Bxc4 e6 5. Nf3 c5 6. O-O a6 7. b3 b5 8. Bd3 Bb7 9. a4 b4 10. Nbd2 Nbd7 11. Bb2 Be7 12. Qe2 O-O 13. a5 cxd4 14.
exd4 Nd5 15. g3 g6 16. Ne4 N7f6 17. Nc5 Bxc5 18. dxc5 Nc3 19. Bxc3 bxc3 20. Bc4 Qc7 21. Qe5 Qe7 22. Nd4 Bd5 23. Rfc1 Nd7 24. Qd6 Qxd6 25. cxd6 Bxc4 26. bxc4 Nc5 27. Nc6 Nb3 28. Rab1 Nxc1 29. Rxc1 Kg7 30. Rxc3 Rac8 31. Nb4 Rfd8 32. Nxa6 Rxd6 33.
Nb4 Rd4 34. a6 Rdxc4 35. Rxc4 Rxc4 36. a7 Rc1+ 0-1

[Event "*** Titled Tuesday Blitz"]
[Site "Chess.com"]
[Date "2021.03.30"]
[Round "3"]
[White "Zq1"]
[Black "anon6121824"]
[Result "1/2-1/2"]
[WhiteElo "2546"]
[BlackElo "2794"]
[TimeControl "180+1"]
[EndTime "10:28:21 PDT"]
[Termination "Game drawn by agreement"]

1. d4 Nf6 2. c4 g6 3. Nc3 Bg7 4.
e4 d6 5. Nf3 O-O 6. Be2 Na6 7.
O-O e5 8. Be3 exd4 9. Nxd4 Re8 10.
f3 Nc5 11. Qd2 a5 12. Rfd1 c6 13. Nxc6 Ncxe4 14. Nxd8 Nxd2 15. Bxd2 Rxd8 16. Bf4 Be6 17. Bxd6 Rac8 18. Be5 Re8 19. Nb5 Bxc4 20. Bxc4 Rxe5 21. Bxf7+ Kf8 22. Nd6 Rd8 23. Bb3 Rd7 24. Nc4 Rc5 25.
Rxd7 Nxd7 26. Rd1 Ke7 27. Re1+ Kd8 28. Nd6 Bd4+ 29. Kf1 Kc7 30. Rd1 Be5 31. Nxb7 Rb5 32. Ba4 Rxb7 33. Rxd7+ Kb6 34. Rxb7+ Kxb7 35. g3 Bxb2 36.
f4 Kc7 37. Ke2 Kd6 38. Bc2 Ke6 39. Kf3 Kf6 40. h4 h6 41. g4 g5 42. fxg5+ hxg5 43.
hxg5+ Kxg5 44. Bf5 1/2-1/2

[Event "*** Titled Tuesday Blitz"]
[Site "Chess.com"]
[Date "2021.03.30"]
[Round "3"]
[White "Fraler15"]
[Black "profofchess"]
[Result "0-1"]
[WhiteElo "2247"]
[BlackElo "2448"]
[TimeControl "180+1"]
[EndTime "10:28:21 PDT"]
[Termination "profofchess won by checkmate"]

1. e4 e6 2. d4 d5 3. e5 c5 4. c3 Nc6 5. Nf3 Bd7 6. Na3 Rc8 7.
Bd3 cxd4 8. cxd4 Bb4+ 9. Bd2 Qa5 10. Bxb4 Qxb4+ 11. Qd2 Nge7 12. Nb5 O-O 13. O-O Qxd2 14.
Nxd2 Nb4 15. Be2 Nc2 16. Rac1 Bxb5 17. Bxb5 Nxd4 18. Bd3 Nec6 19. f4 Nb4 20. Rc3 Nxd3 21. Rxd3 Nf5 22. Ra3 a6 23. Nf3 h5 24. h3 h4 25. Rb3 b5 26. Rd1 Rc4 27. Kh2 Rxf4 28.
Rbd3 Rc8 29. b3 Re4 30. R1d2 Re3 31. Rxe3 Nxe3 32. Nd4 Nf1+ 33. Kg1 Nxd2 34. Kf2 Ne4+ 35. Ke3 Ng3 36. Kf3 Nf5 37. Kf4 Nxd4 38. Kg4 Nf5 39. Kg5 Rc2 40. a4 Rxg2+ 41. Kh5 g6# 0-1

[Event "*** Titled Tuesday Blitz"]
[Site "Chess.com"]
[Date "2021.03.30"]
[Round "3"]
[White "tjychess"]
[Black "Genghis_K"]
[Result "1-0"]
[WhiteElo "2696"]
[BlackElo "2940"]
[TimeControl "180+1"]
[EndTime "10:28:22 PDT"]
[Termination "tjychess won by checkmate"]

1. d4 Nf6 2. c4 e6 3. Nf3 d5 4. Nc3 dxc4 5. e4 b5 6. e5 Nd5 7. Nxb5 Nb6 8. h4 Nc6 9. Be2 Be7 10. h5 h6 11. Be3 Bb7 12. Nc3 Nb4 13. Rh3 N4d5 14. Bd2 c5 15. Rg3 cxd4 16. Nxd4 Bc5 17. Ndb5 Qh4 18. Nxd5 Nxd5 19. Nd6+ Bxd6 20. Qa4+ Kf8 21.
exd6 Qh1+ 22. Bf1 Qxh5 23. Qxc4 Qe5+ 24. Be2 Qxd6 25. Rd1 Rc8 26. Qg4 Qe5 27. Kf1 h5 28. Qh4 Nf6 29. Qb4+ Kg8 30. Qxb7 Rb8 31. Qxa7 h4 32. Re3 Qh2 33. Rh3 Qe5 34. Bc3 Qf4 35.
Qd4 Qc7 36. Qe5 Qb7 37. Bf3 Qa6+ 38. Kg1 Rb5 39. Qd4 Rh6 40. Be2 Rg6 41. Bxb5 Qxb5 42. Qd8+ Ne8 43. Qd3 Qc6 44. Qf3 Qa4 45. Rd8 Kh7 46.
Qd3 e5 47. Bxe5 Qc6 48. Rxh4+ Kg8 49. Qh3 f6 50. Rh8+ Kf7 51. Qb3+ Qe6 52. Rd7# 1-0

[Event "*** Titled Tuesday Blitz"]
[Site "Chess.com"]
[Date "2021.03.30"]
[Round "3"]
[White "NoGalloNoParty"]
[Black "Chessbard1972"]
[Result "1-0"]
[WhiteElo "2398"]
[BlackElo "2234"]
[TimeControl "180+1"]
[EndTime "10:28:22 PDT"]
[Termination "NoGalloNoParty won on time"]

1. d4 d5 2. c4 e6 3. Nf3 c5 4. cxd5 exd5 5. g3 Nc6 6. Bg2 Nf6 7. Nc3 Be7 8. O-O O-O 9. Bg5 cxd4 10. Nxd4 h6 11. Bf4 Bg4 12. Rc1 Qd7 13. Nb3 Rad8 14. Nb5 Bh3 15. N5d4 Bxg2 16. Kxg2 Rfe8 17. a3 Bf8 18. Qd3 Ne4 19. Rfd1 Ne5 20. Qb5 Qe7 21. Nf3 Nc4 22. Rxd5 Rxd5 23. Qxd5 Nxb2 24. Rc7 Qe6 25. Qxb7 Nxf2 26. Nbd4 Qh3+ 27. Kxf2 Bc5 28. Qxb2 g5 29. Qb5 Bxd4+ 30. Ke1 Re6 31. Rc8+ Kg7 32. Nxd4 Re4 33.
Nf5+ Kg6 34. Rg8+ 1-0

[Event "*** Titled Tuesday Blitz"]
[Site "Chess.com"]
[Date "2021.03.30"]
[Round "3"]
[White "Oligan22"]
[Black "Aleksey_Sorokin"]
[Result "0-1"]
[WhiteElo "2503"]
[BlackElo "2762"]
[TimeControl "180+1"]
[EndTime "10:28:23 PDT"]
[Termination "Aleksey_Sorokin won by resignation"]

1. e4 c6 2. d4 d5 3. e5 Bf5 4.
h4 Qc8 5. Nc3 a6 6. Be3 h5 7.
Nge2 g6 8. Ng3 Be6 9. Qd2 Bh6 10. Bd3 Nd7 11. Nce2 Nf8 12. Nf4 Bd7 13. O-O-O Be6 14. Nge2 b5 15. f3 a5 16. Nxe6 Nxe6 17. g4 hxg4 18. fxg4 a4 19. g5 Bf8 20. h5 gxh5 21. g6 fxg6 22. Bxg6+ Kd7 23. Bf5 Bh6 24. Rdg1 Qf8 25.
Bh3 Qf7 26. Rf1 Qh7 27. Bf5 Qf7 28. Bh3 Qh7 29. Rhg1 Qe4 30. Bxh6 Nxh6 31. Rf4 Qh7 32. Rf3 Ng4 33. Rxg4 hxg4 34. Bxg4 Rag8 35. Bh3 Qe4 36. Qc3 Qxe2 37. Bxe6+ Kc7 38. b3 a3 39. Qa5+ Kb7 40.
Bc8+ Rxc8 0-1

[Event "*** Titled Tuesday Blitz"]
[Site "Chess.com"]
[Date "2021.03.30"]
[Round "3"]
[White "AthanasiusLefebvre"]
[Black "visa"]
[Result "0-1"]
[WhiteElo "2008"]
[BlackElo "2305"]
[TimeControl "180+1"]
[EndTime "10:28:23 PDT"]
[Termination "visa won on time"]

1. g3 d5 2. Nf3 Nf6 3. d3 c5 4. Bg2 Nc6 5. O-O e5 6. c4 Be6 7. Ng5 Qd7 8. Nxe6 fxe6 9. Nc3 Bd6 10. cxd5 exd5 11. Nxd5 O-O 12. a3 Kh8 13. Rb1 Rae8 14. Qa4 Nd4 15. Qd1 b5 16. b4 Nxd5 17. Bxd5 cxb4 18.
axb4 Bxb4 19. Be4 a5 20. e3 Ne6 21. Qh5 h6 22. Qxe5 Nc5 23. Qd5 Qxd5 24. Bxd5 Nxd3 25. Bc6 Re5 26. Bb2 Rc5 27. Be4 Nxb2 28. Rxb2 Re5 29. f3 Bc3 30. Rc2 b4 31. Rb1 a4 32. Kg2 a3 33. Rb3 Ra5 34. Ra2 Rd8 35. Kf2 Rd2+ 0-1

[Event "*** Titled Tuesday Blitz"]
[Site "Chess.com"]
[Date "2021.03.30"]
[Round "3"]
[White "swimmerchess"]
[Black "Legendinunknown"]
[Result "1-0"]
[WhiteElo "2832"]
[BlackElo "2608"]
[TimeControl "180+1"]
[EndTime "10:28:24 PDT"]
[Termination "swimmerchess won by resignation"]

1. d4 Nf6 2. c4 e5 3. dxe5 Ng4 4. Bf4 Nc6 5. Nf3 Bb4+ 6. Nc3 Bxc3+ 7. bxc3 Qe7 8. Qd5 f6 9. exf6 Nxf6 10. Qd3 d6 11.
g3 O-O 12. Bg2 Bg4 13. O-O Rae8 14. Rfe1 b6 15. Nd4 Ne5 16. Qc2 Kh8 17. e4 Nh5 18.
Bxe5 dxe5 19. Nf5 Bxf5 20. exf5 Qc5 21. Bd5 Nf6 22. Be6 Ng4 23. Re2 g6 24. Rae1 Rf6 25. h3 gxf5 26. Bd7 Re7 27. Bxf5 Nh6 28. Be4 Rg7 29. Kh2 Nf7 30. Bd5 Ng5 31. Kg2 e4 32. Bxe4 Nxh3 33. Kxh3 Qh5+ 34. Kg2 Rh6 35. Bf3 Qh2+ 36.
Kf1 Qh3+ 37. Bg2 1-0

[Event "*** Titled Tuesday Blitz"]
[Site "Chess.com"]
[Date "2021.03.30"]
[Round "3"]
[White "Smile2005"]
[Black "Airquake"]
[Result "1-0"]
[WhiteElo "2449"]
[BlackElo "2650"]
[TimeControl "180+1"]
[EndTime "10:28:25 PDT"]
[Termination "Smile2005 won on time"]

1. c4 f6 2. g3 Kf7 3. Bg2 g6 4. d4 Kg7 5. e4 e5 6. dxe5 fxe5 7. Nf3 Nc6 8. Bg5 Be7 9. Bxe7 Qxe7 10. Nc3 Nf6 11.
Nd5 Nxd5 12. exd5 e4 13. Nd4 Qb4+ 14. Kf1 Qxc4+ 15. Ne2 Ne5 16. Rc1 Qd3 17. Qa4 e3 18. Be4 Qd2 19. f4 b5 20. Qb3 b4 21. Rc2 Ba6 22.
Rxd2 exd2 23. fxe5 Rhf8+ 24. Kg2 Bxe2 25. e6 dxe6 26.
dxe6 Rae8 27. Qd5 Rd8 28. Qe5+ Rf6 29. e7 Re8 30. g4 h6 31. h4 Kf7 32. Bd5+ Kg7 33. g5 hxg5 34. hxg5 1-0

[Event "*** Titled Tuesday Blitz"]
[Site "Chess.com"]
[Date "2021.03.30"]
[Round "3"]
[White "karinachess1"]
[Black "artichaud"]
[Result "1-0"]
[WhiteElo "2493"]
[BlackElo "2105"]
[TimeControl "180+1"]
[EndTime "10:28:25 PDT"]
[Termination "karinachess1 won on time"]

1. c4 e6 2. Nf3 d5 3. g3 Nf6 4.
Bg2 Be7 5. O-O O-O 6. b3 b6 7.
Bb2 Bb7 8. e3 Na6 9. d4 c5 10.
Ne5 cxd4 11. Qxd4 Qc7 12. cxd5 Bxd5 13. Bxd5 exd5 14. Rc1 Qb7 15. Nd2 Rac8 16. Ndf3 Nc5 17. Kg2 Rfd8 18. Rd1 Ne6 19. Qd3 Ne4 20. h4 h6 21.
Rac1 Rxc1 22. Rxc1 d4 23. exd4 Qd5 24. Qc4 Nf6 25.
Qxd5 Nxd5 26. Nc6 Rd7 27. Nxe7+ Rxe7 28. Rc8+ Kh7 29. Ne5 f6 30. Nc6 Rd7 31. Ra8 a5 32.
Ra7 1-0

[Event "*** Titled Tuesday Blitz"]
[Site "Chess.com"]
[Date "2021.03.30"]
[Round "3"]
[White "comsac"]
[Black "Artyom_ChessMate"]
[Result "1-0"]
[WhiteElo "2388"]
[BlackElo "2539"]
[TimeControl "180+1"]
[EndTime "10:28:26 PDT"]
[Termination "comsac won by resignation"]

1. e4 c5 2. c3 Nf6 3. e5 Nd5 4. d4 cxd4 5. Nf3 d6 6. cxd4 Nc6 7. Bc4 Nb6 8. Bb5 Bd7 9. Nc3 dxe5 10. dxe5 a6 11.
Bd3 g6 12. O-O Bg7 13. Re1 O-O 14. h3 h6 15. a3 Be6 16. Qe2 Rc8 17. Be3 Nd5 18. Nxd5 Qxd5 19. Bf4 Rfd8 20. Rad1 Qa5 21. Bd2 Qb6 22. Bc3 Bb3 23. Rc1 e6 24. Be4 Bd5 25. Bb1 Na5 26. Nh4 Nb3 27. Rcd1 Bc4 28. Qg4 g5 29. Nf3 Bd5 30. Nxg5 hxg5 31. Qxg5 Qc6 32.
Re3 Qe8 33. Rg3 Qf8 34. Qh5 Be4 35. Rxd8 Rxd8 36. Bxe4 Qc5 37. Rxg7+ Kxg7 38. Qg5+ Kf8 39. Qxd8+ Kg7 40. Qg5+ Kf8 41. Bb4 1-0

[Event "*** Titled Tuesday Blitz"]
[Site "Chess.com"]
[Date "2021.03.30"]
[Round "3"]
[White "retropwr"]
[Black "Susik_Gaboyan"]
[Result "1-0"]
[WhiteElo "2434"]
[BlackElo "2246"]
[TimeControl "180+1"]
[EndTime "10:28:26 PDT"]
[Termination "retropwr won on time"]

1. c4 Nf6 2. Nf3 g6 3. g3 Bg7 4. d4 O-O 5. Bg2 d5 6. cxd5 Nxd5 7. O-O Nc6 8. e3 Nb6 9. Nc3 e5 10. d5 Na5 11. b3 e4 12. Nd4 Nxd5 13. Nxe4 Nc6 14.
Bb2 Ne5 15. Qd2 c6 16. h3 Qb6 17. Nd6 Rd8 18. Nxc8 Raxc8 19. Qe2 Re8 20. Rfd1 Rcd8 21. Kh2 Nb4 22. a3 Nd5 23. b4 h5 24. Rd2 h4 25.
g4 Qc7 26. Kh1 b5 27. Rad1 Nc4 28. Rc2 Nf4 29. Qf3 Nxg2 30. Kxg2 Nxb2 31. Rxb2 Bxd4 32. Rxd4 Rxd4 33. exd4 Qd6 34. Rc2 Qxd4 35. Rxc6 1-0